 Dungeon Crawl Stone Soup version 0.30-a0-799-g109b55a442 (webtiles) character file.

Game seed: 4880602266615611685

35 KarmaKiller the Covered (level 3, -6/29 HPs)
             Began as a Demonspawn Fighter on Feb 20, 2023.
             Mangled by Sigmund
             ... wielding a +0 scythe
              (9 damage)
             ... on level 2 of the Dungeon.
             The game lasted 00:06:50 (1053 turns).

KarmaKiller the Covered (Demonspawn Fighter)        Turns: 1053, Time: 00:06:51

Health: -6/29      AC:  9    Str: 18    XL:     3   Next: 16%
Magic:  3/3        EV:  6    Int:  9    God:
Gold:   77         SH:  8    Dex: 12    Spells: 2/2 levels left

rFire   . . .      SeeInvis .    c - +0 dagger
rCold   . . .      Faith    .    b - +0 buckler
rNeg    . . .      Spirit   .    d - +0 chain mail
rPois   .          Reflect  .    (no helmet)
rElec   .          Harm     .    (no cloak)
rCorr   .          Rampage  .    (no gloves)
Will    .....                    (no boots) Stlth
                                 (no amulet)
HPRegen 0.24/turn                (no ring)
MPRegen 0.08/turn                (no ring)

@: attractive
A: hooves 1, condensation shield
a: no special abilities


You were on level 2 of the Dungeon.
You visited 1 branch of the dungeon, and saw 2 of its levels.

You collected 77 gold pieces.

Inventory:

Hand Weapons
 c - a +0 dagger (weapon)
Armour
 b - a +0 buckler (worn)
 d - a +0 chain mail (worn)
Scrolls
 a - a scroll of enchant armour {unknown}
 f - a scroll of enchant weapon {unknown}
Potions
 e - a potion of mutation {unknown}


   Skills:
 + Level 3.0 Fighting
 + Level 3.1 Armour
 + Level 3.0 Shields
 + Level 2.4 Unarmed Combat


You had 2 spell levels left.
You didn't know any spells.
Your spell library was empty.

Dungeon Overview and Level Annotations

Branches:
Dungeon (2/15)

Altars:

Annotations:
D:2 Sigmund


Innate Abilities, Weirdness & Mutations

You have large cloven feet.
A meltable shield of frost defends you. (SH +4)


Message History

You have reached level 3!
Your experience leads to an increase in your attributes!
Increase (S)trength, (I)ntelligence, or (D)exterity?
You feel stronger. x2; Your demonic ancestry asserts itself...
Frost condenses into a shield before you.
You closely miss the kobold. Your kick misses the kobold.
You block the kobold's attack. The kobold barely misses you.
You hit the kobold.
You kill the kobold!
Something hits you but does no damage.
A kobold comes into view. It is wielding a +0 dagger.
The kobold shouts!
The rat barely misses you.
Items here: ! ) ††.
You barely miss something. You block something's attack.
The rat bites you but does no damage.
You hit something. Your kick misses something. Something hits you.
You block the rat's attack.
You hit something but do no damage. The rat barely misses you.
You hit something. You kick something. Something hits you.
The rat barely misses you.
You miss something. Your kick misses something.
Something hits you but does no damage. The rat bites you but does no damage.
You hit something.
The kobold throws a stone.
The stone hits you. The rat bites you but does no damage.
You closely miss something. Something hits you!
* * * LOW HITPOINT WARNING * * *
The rat barely misses you.
It was a potion of curing.
You feel better.
The kobold throws a stone.
The stone barely misses you. Something hits you! You block the rat's attack.
You hit something. The rat barely misses you.
You hit something but do no damage. Your kick misses something.
Something hits you.
* * * LOW HITPOINT WARNING * * *
The rat bites you.
* * * LOW HITPOINT WARNING * * *
It was a potion of attraction.
You feel attractive to monsters. Something hits you!
You die...

..@....# ......#
.[...# ## ....#
... ... ....
#+##.##.....
#.##SK......
###..r{##.....
#####...##@# ...
#####.......##.#
.
#......<....##.#
#.......#......#
#..............#
#....†.........#
#........###...#
#........# #####
#........#


You could see a ball python, a kobold and a rat.

Vanquished Creatures
  An adder (D:2)
  6 endoplasms (D:1)
  3 giant cockroaches
  A goblin (D:1)
  2 hobgoblins (D:1)
  2 ball pythons (D:1)
  4 bats (D:1)
  2 frilled lizards (D:1)
  3 kobolds
24 creatures vanquished.

Notes
Turn   | Place    | Note
-------+----------+-------------------------------------------
     0 | D:1      | KarmaKiller the Demonspawn Fighter began the quest for the
                  | Orb.
     0 | D:1      | Reached XP level 1. HP: 18/18 MP: 1/1
   228 | D:1      | Gained mutation: You have large cloven feet. [demonic
                  | ancestry]
   228 | D:1      | Reached XP level 2. HP: 24/24 MP: 2/2
  1017 | D:2      | Noticed Sigmund
  1040 | D:2      | Gained mutation: A meltable shield of frost defends you.
                  | (SH +4) [demonic ancestry]
  1040 | D:2      | Reached XP level 3. HP: 20/29 MP: 3/3
  1053 | D:2      | Mangled by Sigmund

Illustrated notes

Levels and vault maps discovered:
D:1:      amcnicky_arrival_choice, layout_loops_ring, dk_noncrumbling_3,
          minmay_pentomino_p4
D:2:      layout_basic, kennysheep_generic_room_13, uniq_sigmund

Skill      XL: |  1  2 |
---------------+-------+-----
Unarmed Combat | 2 |  2.4
Shields        | 3 |  3.0
Armour         | 3 |  3.1
Fighting       | |  3.0

Action                     || total
---------------------------++-------
  Melee: Unarmed           ||    48
         Dagger            ||    77
         Kick              ||    15
    Use: Potion            ||     3
 Armour: Scale mail        ||    23
         Chain mail        ||    50
  Dodge: Dodged            ||    39
  Block: Buckler           ||    35

Table legend: (Time is in decaauts)
 A = Elapsed time spent in this place.
 B = Non-inter-level travel time spent in this place.
 C = Inter-level travel time spent in this place.
 D = Time resting spent in this place.
 E = Time spent auto-exploring this place.
 F = Levels seen in this place.
 G = Mean time per level.
                   A        B        C        D        E       F      G
               +--------+--------+--------+--------+--------+-----+--------+
         Total |   1054 |   1054 |      0 |     64 |      0 |   2 |  527.0 |
       Dungeon |   1054 |   1054 |      0 |     64 |      0 |   2 |  527.0 |
               +--------+--------+--------+--------+--------+-----+--------+

Top non-repeatable levels by time:
     D:1: 972 daAuts
     D:2: 82 daAuts
